Connexion

FLORIDA Panthers vs SEATTLE Kraken

Created - 17 septembre 2023 at 04:13

Goals
1 2 3 T
FLORIDA Panthers 0 2 2 4
SEATTLE Kraken 1 1 0 2
Shots
1 2 3 T
FLORIDA Panthers 5 12 8 25
SEATTLE Kraken 12 9 8 29

GoalsPenalties
1st period
1. SEATTLE Kraken , Alex Ovechkin 10 (Seth Jarvis 1, Trevor Zegras 17) at 18:37
No Penalty
2nd period
2. FLORIDA Panthers , Mikael Backlund 8 (Nikolay Goldobin 8) at 3:38
3. FLORIDA Panthers , Ian Cole 2 (Mikael Backlund 12, Kiril Kaprizov 6) at 6:55
4. SEATTLE Kraken , David Pastrnak 6 (Auston Matthews 11, Rasmus Dahlin 14) at 16:41
Colton White (FLO) for Holding (Minor) at 10:08
Jacob Trouba (FLO) for Hooking (Minor) at 18:29
3rd period
5. FLORIDA Panthers , Ian Cole 3 (Logan Brown 2, Morgan Geekie 2) at 4:18
6. FLORIDA Panthers , Mario Ferraro 2 (Ian Cole 7, Mikael Backlund 13) at 19:21 (Empty Net)
T.J. Oshie (SEA) for Hooking (Minor) at 12:53
Michael Pezzetta (SEA) for Tripping (Minor) at 14:56
Goalie Stats
Petr Mrazek (FLO), 27 saves from 29 shots - (0,931), W, 8-8-0, 60:00 minutes
Spencer Knight (SEA), 21 saves from 24 shots - (0,875), L, 4-3-1, 59:43 minutes
3 StarsOfficial
1 - Ian Cole (FLO)
2 - Mikael Backlund (FLO)
3 - Mario Ferraro (FLO)
Referees : Dean Morton and Dave Jackson
Linesman : Pierre Champoux and Tony Sericolo
Game Note
Mario Ferraro has scored in a empty net!
Finance
Level 1 -- Attendance: 4494 (88,12%) -- Ticket Income 674 100 $
Level 2 -- Attendance: 5000 (100,00%) -- Ticket Income 375 000 $
Level 3 -- Attendance: 1554 (77,70%) -- Ticket Income 93 240 $
Level 4 -- Attendance: 3076 (76,90%) -- Ticket Income 138 420 $
Luxury Box -- Attendance: 1000 (100,00%) -- Ticket Income 262 000 $
Game was played at the Climate Pledge Arena.
Total Attendance: 15124 (88,44%)
Total Ticket Income: 1 542 760 $
Other Income: 308 552 $
Total Income: 1 851 312 $



Team Name Goals Shots Shots Attemp Shots Blocked PIM HIT PP PK FO%
FLORIDA Panthers 42545104270 / 2 (0%)060%
SEATTLE Kraken 2296134150 / 2 (0%)040%

FLORIDA Panthers
Player Name POS G A P +/- PIM HIT SHT SB MP PP MP PP SHT PK MP PK SHT FO% FOT
Barclay GoodrowLW/RW000-1013011:380:3500:000100% 1
Carter VerhaegheC/RW0000000016:452:0800:5000% 0
Cody EakinC/LW0000003016:162:0710:22073% 22
Colton WhiteD000-1231115:070:4100:4000% 0
Connor TimminsD000-1020015:100:4100:1100% 0
Ian ColeD2133013221:561:0902:0900% 0
Jacob TroubaD0000270122:132:0800:5800% 0
Justin ScottC/LW/RW000-1011011:520:0000:49021% 14
Kiril KaprizovLW0112032023:071:0902:370100% 1
Logan BrownC011103008:280:3500:00033% 6
Mario FerraroD1013021118:542:0801:4900% 0
Mark ScheifeleC0000000018:242:0802:29040% 5
Michael BuntingLW000-1010011:440:4100:0000% 0
Mikael BacklundC/LW1232018321:261:1600:49073% 30
Morgan GeekieC011100007:530:0000:0000% 0
Nikolay GoldobinLW/RW0112013020:361:1510:000100% 1
Noah HanifinD0000010126:381:0902:0900% 0
Taro HiroseLW000100017:530:0000:000100% 1
SEATTLE Kraken
Player Name POS G A P +/- PIM HIT SHT SB MP PP MP PP SHT PK MP PK SHT FO% FOT
Alec MartinezD0000000014:000:0000:0000% 0
Alex IafalloC/LW000000104:100:0000:30067% 3
Alex OvechkinLW1010012019:061:2201:2600% 1
Andrei KuzmenkoLW000-1002013:211:2200:1700% 0
Auston MatthewsC011-1025023:582:3600:58047% 36
Brandon TanevLW/RW000000104:100:0000:3000% 0
David PastrnakRW101-1002023:002:3600:0000% 0
Jaccob SlavinD000-1012025:252:0802:1400% 0
Jani HakanpaaD0000010014:000:0000:0000% 0
Jason RobertsonLW/RW000-1023023:002:3600:0000% 2
Matt DumbaD000-1012125:071:5022:1400% 0
Michael PezzettaC/LW000021203:390:0000:0000% 0
Moritz SeiderD000-1010120:532:0801:4400% 0
Rasmus DahlinD011-1021020:351:5011:4400% 0
Seth JarvisC/LW/RW0110001018:030:0001:4500% 4
T.J. OshieC/LW/RW000-1233012:530:0001:12033% 3
Trevor ZegrasC0110002118:581:2201:18039% 18
Wyatt JohnstonC000-1000011:420:0000:00036% 14



Play-by-Play

1st period


0:01 of 1st period - Mikael Backlund wins face-off versus Auston Matthews in neutral zone.
0:11 of 1st period - Mikael Backlund is hit by Matt Dumba.
0:17 of 1st period - Shot by Mikael Backlund.
0:17 of 1st period - Stopped by Spencer Knight without a rebound.
0:18 of 1st period - Trevor Zegras wins face-off versus Cody Eakin in SEATTLE Kraken zone.
0:25 of 1st period - Shot by Trevor Zegras.
0:25 of 1st period - Stopped by Petr Mrazek without a rebound.
0:26 of 1st period - Wyatt Johnston wins face-off versus Justin Scott in FLORIDA Panthers zone.
0:32 of 1st period - Andrei Kuzmenko is hit by Colton White and loses puck.
0:36 of 1st period - Andrei Kuzmenko is hit by Colton White and loses puck.
0:41 of 1st period - Shot by T.J. Oshie.
0:41 of 1st period - Deflect By Andrei Kuzmenko.
0:41 of 1st period - Stopped by Petr Mrazek without a rebound.
0:42 of 1st period - Cody Eakin wins face-off versus Trevor Zegras in FLORIDA Panthers zone.
1:23 of 1st period - Carter Verhaeghe is hit by Rasmus Dahlin.
4:12 of 1st period - Michael Pezzetta is hit by Logan Brown and loses puck.
4:22 of 1st period - Icing by Moritz Seider.
4:23 of 1st period - Alex Iafallo wins face-off versus Cody Eakin in SEATTLE Kraken zone.
5:08 of 1st period - Shot by Jason Robertson.
5:08 of 1st period - Stopped by Petr Mrazek with a rebound.
5:10 of 1st period - Shot by Jaccob Slavin.
5:10 of 1st period - Stopped by Petr Mrazek without a rebound.
5:11 of 1st period - Mikael Backlund wins face-off versus Trevor Zegras in FLORIDA Panthers zone.
5:21 of 1st period - Mikael Backlund is hit by Jani Hakanpaa and loses puck.
6:08 of 1st period - Andrei Kuzmenko is hit by Nikolay Goldobin and loses puck.
6:22 of 1st period - Icing by Kiril Kaprizov.
6:23 of 1st period - Auston Matthews wins face-off versus Mikael Backlund in FLORIDA Panthers zone.
6:44 of 1st period - Shot by Jason Robertson.
6:44 of 1st period - Shot Misses the Net.
7:35 of 1st period - Andrei Kuzmenko is hit by Connor Timmins and loses puck.
8:30 of 1st period - Shot by Trevor Zegras.
8:30 of 1st period - Shot Misses the Net.
9:16 of 1st period - Michael Pezzetta is hit by Jacob Trouba and loses puck.
9:35 of 1st period - Shot by Michael Pezzetta.
9:35 of 1st period - Stopped by Petr Mrazek without a rebound.
9:36 of 1st period - Auston Matthews wins face-off versus Justin Scott in FLORIDA Panthers zone.
9:39 of 1st period - Shot by Jason Robertson.
9:39 of 1st period - Deflect By David Pastrnak.
9:39 of 1st period - Shot Misses the Net.
9:47 of 1st period - Shot by Auston Matthews.
9:47 of 1st period - Stopped by Petr Mrazek without a rebound.
9:48 of 1st period - Taro Hirose wins face-off versus Wyatt Johnston in FLORIDA Panthers zone.
9:48 of 1st period - Taro Hirose is hit by T.J. Oshie.
10:51 of 1st period - Justin Scott is hit by Jaccob Slavin.
11:07 of 1st period - Rasmus Dahlin is hit by Michael Bunting and loses puck.
11:27 of 1st period - Icing by Rasmus Dahlin.
11:28 of 1st period - Auston Matthews wins face-off versus Cody Eakin in SEATTLE Kraken zone.
12:53 of 1st period - Shot by Barclay Goodrow.
12:53 of 1st period - Stopped by Spencer Knight without a rebound.
12:54 of 1st period - Alex Iafallo wins face-off versus Justin Scott in SEATTLE Kraken zone.
13:03 of 1st period - Shot by Brandon Tanev.
13:03 of 1st period - Stopped by Petr Mrazek without a rebound.
13:04 of 1st period - Cody Eakin wins face-off versus Wyatt Johnston in FLORIDA Panthers zone.
14:04 of 1st period - Shot by Kiril Kaprizov.
14:04 of 1st period - Stopped by Spencer Knight without a rebound.
14:05 of 1st period - Mikael Backlund wins face-off versus Jason Robertson in SEATTLE Kraken zone.
14:36 of 1st period - Shot by Mikael Backlund.
14:36 of 1st period - Stopped by Spencer Knight with a rebound.
14:44 of 1st period - Shot by Mikael Backlund.
14:44 of 1st period - Stopped by Spencer Knight without a rebound.
14:45 of 1st period - Justin Scott wins face-off versus Seth Jarvis in SEATTLE Kraken zone.
15:10 of 1st period - Trevor Zegras is hit by Connor Timmins.
15:29 of 1st period - Colton White is hit by Rasmus Dahlin and loses puck.
15:52 of 1st period - Shot by Brandon Tanev.
15:52 of 1st period - Deflect By Michael Pezzetta.
15:52 of 1st period - Stopped by Petr Mrazek without a rebound.
15:53 of 1st period - Mikael Backlund wins face-off versus Auston Matthews in FLORIDA Panthers zone.
16:03 of 1st period - Icing by Ian Cole.
16:04 of 1st period - Auston Matthews wins face-off versus Mikael Backlund in FLORIDA Panthers zone.
16:14 of 1st period - Off-side.
16:15 of 1st period - Cody Eakin wins face-off versus Auston Matthews in neutral zone.
17:16 of 1st period - Shot by Alex Ovechkin.
17:16 of 1st period - Shot Misses the Net.
17:18 of 1st period - Shot by Alex Ovechkin.
17:18 of 1st period - Stopped by Petr Mrazek without a rebound.
17:19 of 1st period - Mikael Backlund wins face-off versus T.J. Oshie in FLORIDA Panthers zone.
17:19 of 1st period - Mikael Backlund is hit by T.J. Oshie.
18:37 of 1st period - Shot by Alex Ovechkin.
18:37 of 1st period - Goal by Alex Ovechkin - FLORIDA Panthers : 0 - SEATTLE Kraken : 1.
18:38 of 1st period - Auston Matthews wins face-off versus Logan Brown in neutral zone.
18:41 of 1st period - Logan Brown is hit by Jason Robertson and loses puck.
19:12 of 1st period - Shot by Jason Robertson.
19:12 of 1st period - Shot Misses the Net.
19:14 of 1st period - Shot by Auston Matthews.
19:14 of 1st period - Shot Misses the Net.
19:16 of 1st period - Shot by Jason Robertson.
19:16 of 1st period - Stopped by Petr Mrazek with a rebound.
19:20 of 1st period - Shot by Jason Robertson.
19:20 of 1st period - Stopped by Petr Mrazek with a rebound.
19:22 of 1st period - Shot by Matt Dumba.
19:22 of 1st period - Shot Blocked by Noah Hanifin.
19:24 of 1st period - Shot by Jason Robertson.
19:24 of 1st period - Shot Misses the Net.
19:39 of 1st period - Icing by Jaccob Slavin.
19:40 of 1st period - Auston Matthews wins face-off versus Mikael Backlund in SEATTLE Kraken zone.
19:40 of 1st period - Auston Matthews is hit by Kiril Kaprizov.
Goals for this period are 0 for FLORIDA Panthers vs 1 for SEATTLE Kraken.
Shots for this period are 5 for FLORIDA Panthers vs 12 for SEATTLE Kraken.

2nd period


0:01 of 2nd period - Trevor Zegras wins face-off versus Mikael Backlund in neutral zone.
0:11 of 2nd period - Icing by Ian Cole.
0:12 of 2nd period - Mikael Backlund wins face-off versus Auston Matthews in FLORIDA Panthers zone.
0:26 of 2nd period - Shot by Auston Matthews.
0:26 of 2nd period - Shot Blocked by Mikael Backlund.
0:46 of 2nd period - Shot by Auston Matthews.
0:46 of 2nd period - Stopped by Petr Mrazek without a rebound.
0:47 of 2nd period - Cody Eakin wins face-off versus Seth Jarvis in FLORIDA Panthers zone.
0:56 of 2nd period - Shot by Mark Scheifele.
0:56 of 2nd period - Shot Misses the Net.
0:58 of 2nd period - Shot by Cody Eakin.
0:58 of 2nd period - Shot Misses the Net.
1:00 of 2nd period - Shot by Colton White.
1:00 of 2nd period - Stopped by Spencer Knight without a rebound.
1:01 of 2nd period - Wyatt Johnston wins face-off versus Justin Scott in SEATTLE Kraken zone.
1:12 of 2nd period - Icing by Moritz Seider.
1:13 of 2nd period - Cody Eakin wins face-off versus Wyatt Johnston in SEATTLE Kraken zone.
1:36 of 2nd period - Wyatt Johnston is hit by Ian Cole and loses puck.
1:39 of 2nd period - Shot by T.J. Oshie.
1:39 of 2nd period - Stopped by Petr Mrazek without a rebound.
1:40 of 2nd period - Kiril Kaprizov wins face-off versus Trevor Zegras in FLORIDA Panthers zone.
2:32 of 2nd period - Icing by Jaccob Slavin.
2:33 of 2nd period - Trevor Zegras wins face-off versus Justin Scott in SEATTLE Kraken zone.
2:35 of 2nd period - Icing by Jaccob Slavin.
2:36 of 2nd period - Cody Eakin wins face-off versus Trevor Zegras in SEATTLE Kraken zone.
2:37 of 2nd period - Shot by Carter Verhaeghe.
2:37 of 2nd period - Shot Misses the Net.
2:39 of 2nd period - Shot by Cody Eakin.
2:39 of 2nd period - Stopped by Spencer Knight without a rebound.
2:40 of 2nd period - Barclay Goodrow wins face-off versus Auston Matthews in SEATTLE Kraken zone.
2:52 of 2nd period - Icing by Alec Martinez.
2:53 of 2nd period - Auston Matthews wins face-off versus Cody Eakin in SEATTLE Kraken zone.
2:57 of 2nd period - David Pastrnak is hit by Jacob Trouba and loses puck.
3:34 of 2nd period - Icing by Auston Matthews.
3:35 of 2nd period - Nikolay Goldobin wins face-off versus Auston Matthews in SEATTLE Kraken zone.
3:36 of 2nd period - Shot by Mikael Backlund.
3:36 of 2nd period - Shot Misses the Net.
3:38 of 2nd period - Shot by Mikael Backlund.
3:38 of 2nd period - Goal by Mikael Backlund - FLORIDA Panthers : 1 - SEATTLE Kraken : 1.
3:39 of 2nd period - Mikael Backlund wins face-off versus Trevor Zegras in neutral zone.
4:35 of 2nd period - Matt Dumba is hit by Mario Ferraro and loses puck.
5:12 of 2nd period - Rasmus Dahlin is hit by Barclay Goodrow and loses puck.
5:16 of 2nd period - Icing by Moritz Seider.
5:17 of 2nd period - Cody Eakin wins face-off versus Auston Matthews in SEATTLE Kraken zone.
5:51 of 2nd period - Icing by Rasmus Dahlin.
5:52 of 2nd period - Auston Matthews wins face-off versus Justin Scott in SEATTLE Kraken zone.
6:36 of 2nd period - Shot by Justin Scott.
6:36 of 2nd period - Shot Misses the Net.
6:43 of 2nd period - Icing by Jaccob Slavin.
6:44 of 2nd period - Wyatt Johnston wins face-off versus Mikael Backlund in SEATTLE Kraken zone.
6:53 of 2nd period - Shot by Kiril Kaprizov.
6:53 of 2nd period - Deflect By Mikael Backlund.
6:53 of 2nd period - Stopped by Spencer Knight with a rebound.
6:55 of 2nd period - Shot by Ian Cole.
6:55 of 2nd period - The goal is going for a video replay.
6:55 of 2nd period - The goal is good.
6:55 of 2nd period - Goal by Ian Cole - FLORIDA Panthers : 2 - SEATTLE Kraken : 1.
6:56 of 2nd period - Cody Eakin wins face-off versus Trevor Zegras in neutral zone.
7:35 of 2nd period - Shot by Carter Verhaeghe.
7:35 of 2nd period - Shot Misses the Net.
7:48 of 2nd period - Seth Jarvis is hit by Kiril Kaprizov and loses puck.
7:53 of 2nd period - Shot by Kiril Kaprizov.
7:53 of 2nd period - Stopped by Spencer Knight with a rebound.
7:55 of 2nd period - Shot by Kiril Kaprizov.
7:55 of 2nd period - Deflect By Mikael Backlund.
7:55 of 2nd period - Stopped by Spencer Knight with a rebound.
7:57 of 2nd period - Shot by Ian Cole.
7:57 of 2nd period - Stopped by Spencer Knight without a rebound.
7:58 of 2nd period - Auston Matthews wins face-off versus Logan Brown in SEATTLE Kraken zone.
8:05 of 2nd period - Shot by Auston Matthews.
8:05 of 2nd period - Stopped by Petr Mrazek without a rebound.
8:06 of 2nd period - Auston Matthews wins face-off versus Mikael Backlund in FLORIDA Panthers zone.
8:29 of 2nd period - Shot by Mikael Backlund.
8:29 of 2nd period - Shot Misses the Net.
8:31 of 2nd period - Shot by Mikael Backlund.
8:31 of 2nd period - Shot Misses the Net.
8:43 of 2nd period - Shot by Mikael Backlund.
8:43 of 2nd period - Shot Misses the Net.
8:45 of 2nd period - Shot by Ian Cole.
8:45 of 2nd period - Shot Blocked by Matt Dumba.
9:27 of 2nd period - Shot by Justin Scott.
9:27 of 2nd period - Stopped by Spencer Knight with a rebound.
9:29 of 2nd period - Shot by Barclay Goodrow.
9:29 of 2nd period - Stopped by Spencer Knight without a rebound.
9:30 of 2nd period - Cody Eakin wins face-off versus Trevor Zegras in SEATTLE Kraken zone.
10:05 of 2nd period - Shot by Seth Jarvis.
10:05 of 2nd period - Shot Misses the Net.
10:08 of 2nd period - Minor Penalty to Colton White for Holding.
10:09 of 2nd period - Mark Scheifele wins face-off versus Jason Robertson in FLORIDA Panthers zone.
11:39 of 2nd period - Shot by Moritz Seider.
11:39 of 2nd period - Shot Blocked by Ian Cole.
12:09 of 2nd period - Shot by Michael Pezzetta.
12:09 of 2nd period - Shot Blocked by Taro Hirose.
12:25 of 2nd period - Shot by Brandon Tanev.
12:25 of 2nd period - Shot Misses the Net.
12:31 of 2nd period - Shot by Alex Iafallo.
12:31 of 2nd period - Stopped by Petr Mrazek without a rebound.
12:32 of 2nd period - Justin Scott wins face-off versus Wyatt Johnston in FLORIDA Panthers zone.
13:23 of 2nd period - Icing by Ian Cole.
13:24 of 2nd period - Justin Scott wins face-off versus Auston Matthews in FLORIDA Panthers zone.
13:30 of 2nd period - Icing by Jaccob Slavin.
13:31 of 2nd period - Mikael Backlund wins face-off versus Auston Matthews in SEATTLE Kraken zone.
13:52 of 2nd period - Shot by Auston Matthews.
13:52 of 2nd period - Shot Misses the Net.
14:06 of 2nd period - Jaccob Slavin is hit by Mikael Backlund and loses puck.
14:56 of 2nd period - Shot by Alex Ovechkin.
14:56 of 2nd period - Shot Misses the Net.
14:58 of 2nd period - Shot by Trevor Zegras.
14:58 of 2nd period - Stopped by Petr Mrazek without a rebound.
14:59 of 2nd period - Logan Brown wins face-off versus Wyatt Johnston in FLORIDA Panthers zone.
15:04 of 2nd period - Jani Hakanpaa is hit by Logan Brown and loses puck.
15:32 of 2nd period - Icing by Jani Hakanpaa.
15:33 of 2nd period - Cody Eakin wins face-off versus Wyatt Johnston in SEATTLE Kraken zone.
15:34 of 2nd period - Shot by Mark Scheifele.
15:34 of 2nd period - Shot Misses the Net.
16:14 of 2nd period - Shot by Seth Jarvis.
16:14 of 2nd period - Stopped by Petr Mrazek without a rebound.
16:15 of 2nd period - Mikael Backlund wins face-off versus Auston Matthews in FLORIDA Panthers zone.
16:15 of 2nd period - Mikael Backlund is hit by Jason Robertson.
16:39 of 2nd period - Shot by Auston Matthews.
16:39 of 2nd period - Shot Misses the Net.
16:41 of 2nd period - Shot by David Pastrnak.
16:41 of 2nd period - Goal by David Pastrnak - FLORIDA Panthers : 2 - SEATTLE Kraken : 2.
16:42 of 2nd period - Trevor Zegras wins face-off versus Justin Scott in neutral zone.
16:55 of 2nd period - Seth Jarvis is hit by Colton White.
17:52 of 2nd period - Icing by Moritz Seider.
17:53 of 2nd period - Mikael Backlund wins face-off versus Auston Matthews in SEATTLE Kraken zone.
17:54 of 2nd period - Shot by Nikolay Goldobin.
17:54 of 2nd period - Stopped by Spencer Knight without a rebound.
17:55 of 2nd period - Mikael Backlund wins face-off versus Auston Matthews in SEATTLE Kraken zone.
17:58 of 2nd period - Shot by Nikolay Goldobin.
17:58 of 2nd period - Stopped by Spencer Knight without a rebound.
17:59 of 2nd period - Mikael Backlund wins face-off versus Auston Matthews in SEATTLE Kraken zone.
18:11 of 2nd period - Rasmus Dahlin is hit by Jacob Trouba and loses puck.
18:29 of 2nd period - Minor Penalty to Jacob Trouba for Hooking.
18:30 of 2nd period - Trevor Zegras wins face-off versus Mark Scheifele in FLORIDA Panthers zone.
18:49 of 2nd period - Shot by Matt Dumba.
18:49 of 2nd period - Stopped by Petr Mrazek with a rebound.
18:51 of 2nd period - Shot by Rasmus Dahlin.
18:51 of 2nd period - Stopped by Petr Mrazek without a rebound.
18:52 of 2nd period - Auston Matthews wins face-off versus Mark Scheifele in FLORIDA Panthers zone.
18:53 of 2nd period - Shot by Moritz Seider.
18:53 of 2nd period - Shot Misses the Net.
19:29 of 2nd period - Shot by Auston Matthews.
19:29 of 2nd period - Shot Misses the Net.
19:59 of 2nd period - Icing by David Pastrnak.
Goals for this period are 2 for FLORIDA Panthers vs 1 for SEATTLE Kraken.
Shots for this period are 12 for FLORIDA Panthers vs 9 for SEATTLE Kraken.

3rd period


0:01 of 3rd period - Auston Matthews wins face-off versus Mark Scheifele in neutral zone.
0:22 of 3rd period - Shot by Matt Dumba.
0:22 of 3rd period - Stopped by Petr Mrazek without a rebound.
0:23 of 3rd period - Mark Scheifele wins face-off versus Trevor Zegras in FLORIDA Panthers zone.
0:41 of 3rd period - Taro Hirose is hit by Michael Pezzetta and loses puck.
0:56 of 3rd period - Shot by Alex Iafallo.
0:56 of 3rd period - Shot Blocked by Jacob Trouba.
1:17 of 3rd period - Off-side.
1:18 of 3rd period - Mikael Backlund wins face-off versus Seth Jarvis in neutral zone.
1:22 of 3rd period - Off-side.
1:23 of 3rd period - Mikael Backlund wins face-off versus Auston Matthews in neutral zone.
1:26 of 3rd period - Shot by Mario Ferraro.
1:26 of 3rd period - Shot Misses the Net.
1:56 of 3rd period - Shot by Matt Dumba.
1:56 of 3rd period - Shot Blocked by Ian Cole.
1:58 of 3rd period - Shot by Jason Robertson.
1:58 of 3rd period - Shot Misses the Net.
3:50 of 3rd period - Shot by Justin Scott.
3:50 of 3rd period - Shot Misses the Net.
4:16 of 3rd period - Shot by Logan Brown.
4:16 of 3rd period - Shot Misses the Net.
4:18 of 3rd period - Shot by Ian Cole.
4:18 of 3rd period - Goal by Ian Cole - FLORIDA Panthers : 3 - SEATTLE Kraken : 2.
4:19 of 3rd period - Mikael Backlund wins face-off versus Auston Matthews in neutral zone.
4:31 of 3rd period - Shot by David Pastrnak.
4:31 of 3rd period - Shot Misses the Net.
4:33 of 3rd period - Shot by Matt Dumba.
4:33 of 3rd period - Shot Blocked by Colton White.
4:39 of 3rd period - Shot by Auston Matthews.
4:39 of 3rd period - Stopped by Petr Mrazek without a rebound.
4:40 of 3rd period - Cody Eakin wins face-off versus Wyatt Johnston in FLORIDA Panthers zone.
4:51 of 3rd period - Mario Ferraro is hit by T.J. Oshie and loses puck.
5:06 of 3rd period - Shot by Carter Verhaeghe.
5:06 of 3rd period - Shot Misses the Net.
5:08 of 3rd period - Shot by Cody Eakin.
5:08 of 3rd period - Stopped by Spencer Knight without a rebound.
5:09 of 3rd period - Mikael Backlund wins face-off versus Auston Matthews in SEATTLE Kraken zone.
5:21 of 3rd period - Icing by Matt Dumba.
5:22 of 3rd period - Auston Matthews wins face-off versus Justin Scott in SEATTLE Kraken zone.
5:51 of 3rd period - Icing by Jacob Trouba.
5:52 of 3rd period - Wyatt Johnston wins face-off versus Justin Scott in FLORIDA Panthers zone.
6:09 of 3rd period - Alec Martinez is hit by Jacob Trouba and loses puck.
6:16 of 3rd period - Shot by T.J. Oshie.
6:16 of 3rd period - Stopped by Petr Mrazek without a rebound.
6:17 of 3rd period - Mikael Backlund wins face-off versus Auston Matthews in FLORIDA Panthers zone.
6:17 of 3rd period - Mikael Backlund is hit by Auston Matthews.
6:20 of 3rd period - Mario Ferraro is hit by Auston Matthews and loses puck.
6:26 of 3rd period - Icing by Ian Cole.
6:27 of 3rd period - Mikael Backlund wins face-off versus Auston Matthews in FLORIDA Panthers zone.
6:31 of 3rd period - Icing by Mikael Backlund.
6:32 of 3rd period - Auston Matthews wins face-off versus Mikael Backlund in FLORIDA Panthers zone.
6:51 of 3rd period - Shot by David Pastrnak.
6:51 of 3rd period - Shot Misses the Net.
6:53 of 3rd period - Shot by Matt Dumba.
6:53 of 3rd period - Shot Misses the Net.
6:57 of 3rd period - Shot by David Pastrnak.
6:57 of 3rd period - Shot Misses the Net.
6:59 of 3rd period - Shot by Jaccob Slavin.
6:59 of 3rd period - Stopped by Petr Mrazek with a rebound.
7:01 of 3rd period - Shot by Auston Matthews.
7:01 of 3rd period - Shot Blocked by Mario Ferraro.
7:28 of 3rd period - Off-side.
7:29 of 3rd period - Cody Eakin wins face-off versus Alex Ovechkin in neutral zone.
7:59 of 3rd period - Icing by Seth Jarvis.
8:00 of 3rd period - Trevor Zegras wins face-off versus Logan Brown in SEATTLE Kraken zone.
8:13 of 3rd period - Off-side.
8:14 of 3rd period - Auston Matthews wins face-off versus Justin Scott in neutral zone.
8:33 of 3rd period - Shot by David Pastrnak.
8:33 of 3rd period - Stopped by Petr Mrazek without a rebound.
8:34 of 3rd period - Mikael Backlund wins face-off versus Wyatt Johnston in FLORIDA Panthers zone.
8:41 of 3rd period - Shot by Mikael Backlund.
8:41 of 3rd period - Stopped by Spencer Knight without a rebound.
8:42 of 3rd period - Auston Matthews wins face-off versus Mikael Backlund in SEATTLE Kraken zone.
8:50 of 3rd period - David Pastrnak is hit by Noah Hanifin.
8:54 of 3rd period - Shot by Auston Matthews.
8:54 of 3rd period - Shot Misses the Net.
8:59 of 3rd period - Off-side.
9:00 of 3rd period - Cody Eakin wins face-off versus Trevor Zegras in neutral zone.
9:03 of 3rd period - Shot by Carter Verhaeghe.
9:03 of 3rd period - Shot Blocked by Trevor Zegras.
9:45 of 3rd period - Alex Ovechkin is hit by Mario Ferraro and loses puck.
10:11 of 3rd period - Auston Matthews is hit by Jacob Trouba and loses puck.
10:17 of 3rd period - Icing by Noah Hanifin.
10:18 of 3rd period - Mikael Backlund wins face-off versus Wyatt Johnston in FLORIDA Panthers zone.
10:45 of 3rd period - Shot by Mikael Backlund.
10:45 of 3rd period - Stopped by Spencer Knight without a rebound.
10:46 of 3rd period - Logan Brown wins face-off versus Auston Matthews in SEATTLE Kraken zone.
11:17 of 3rd period - Jason Robertson is hit by Logan Brown and loses puck.
11:34 of 3rd period - Shot by Auston Matthews.
11:34 of 3rd period - Stopped by Petr Mrazek without a rebound.
11:35 of 3rd period - Mikael Backlund wins face-off versus Trevor Zegras in FLORIDA Panthers zone.
12:18 of 3rd period - Shot by Seth Jarvis.
12:18 of 3rd period - Shot Blocked by Mikael Backlund.
12:34 of 3rd period - Shot by Andrei Kuzmenko.
12:34 of 3rd period - Shot Misses the Net.
12:36 of 3rd period - Shot by Andrei Kuzmenko.
12:36 of 3rd period - Shot Blocked by Mikael Backlund.
12:53 of 3rd period - Minor Penalty to T.J. Oshie for Hooking.
12:54 of 3rd period - Cody Eakin wins face-off versus Trevor Zegras in SEATTLE Kraken zone.
13:07 of 3rd period - Shot by Cody Eakin.
13:07 of 3rd period - Shot Misses the Net.
13:21 of 3rd period - Shot by Mario Ferraro.
13:21 of 3rd period - Shot Misses the Net.
14:07 of 3rd period - Shot by Ian Cole.
14:07 of 3rd period - Shot Blocked by Moritz Seider.
14:26 of 3rd period - Jacob Trouba is hit by Alex Ovechkin and loses puck.
14:43 of 3rd period - Shot by Mark Scheifele.
14:43 of 3rd period - Shot Misses the Net.
14:56 of 3rd period - Minor Penalty to Michael Pezzetta for Tripping.
14:57 of 3rd period - Cody Eakin wins face-off versus Seth Jarvis in SEATTLE Kraken zone.
15:02 of 3rd period - Shot by Nikolay Goldobin.
15:02 of 3rd period - Stopped by Spencer Knight without a rebound.
15:03 of 3rd period - T.J. Oshie wins face-off versus Cody Eakin in SEATTLE Kraken zone.
15:23 of 3rd period - Shot by Cody Eakin.
15:23 of 3rd period - Stopped by Spencer Knight with a rebound.
15:51 of 3rd period - Mikael Backlund is hit by Moritz Seider and loses puck.
17:26 of 3rd period - Icing by Auston Matthews.
17:27 of 3rd period - Auston Matthews wins face-off versus Justin Scott in SEATTLE Kraken zone.
17:27 of 3rd period - Auston Matthews is hit by Justin Scott.
17:45 of 3rd period - Shot by Justin Scott.
17:45 of 3rd period - Deflect By Barclay Goodrow.
17:45 of 3rd period - Stopped by Spencer Knight without a rebound.
17:46 of 3rd period - Wyatt Johnston wins face-off versus Cody Eakin in SEATTLE Kraken zone.
17:50 of 3rd period - Rasmus Dahlin is hit by Jacob Trouba and loses puck.
17:53 of 3rd period - Shot by Andrei Kuzmenko.
17:53 of 3rd period - Shot Misses the Net.
17:55 of 3rd period - Shot by Andrei Kuzmenko.
17:55 of 3rd period - Stopped by Petr Mrazek without a rebound.
17:56 of 3rd period - Trevor Zegras wins face-off versus Logan Brown in FLORIDA Panthers zone.
17:56 of 3rd period - Trevor Zegras is hit by Jacob Trouba.
19:04 of 3rd period - SEATTLE Kraken, Spencer Knight is pulled from the net.
19:14 of 3rd period - Moritz Seider is hit by Kiril Kaprizov and loses puck.
19:21 of 3rd period - Shot by Mario Ferraro.
19:21 of 3rd period - Goal by Mario Ferraro - FLORIDA Panthers : 4 - SEATTLE Kraken : 2.
19:21 of 3rd period - Spencer Knight from SEATTLE Kraken was sent back in the game.
19:22 of 3rd period - Cody Eakin wins face-off versus T.J. Oshie in neutral zone.
19:40 of 3rd period - Shot by T.J. Oshie.
19:40 of 3rd period - Stopped by Petr Mrazek without a rebound.
19:41 of 3rd period - Mikael Backlund wins face-off versus Alex Iafallo in FLORIDA Panthers zone.
Goals for this period are 2 for FLORIDA Panthers vs 0 for SEATTLE Kraken.
Shots for this period are 8 for FLORIDA Panthers vs 8 for SEATTLE Kraken.